 Dungeon Crawl Stone Soup version bcrawl-1.13.2 (webtiles) character file.

Game seed: 17409591147977106122

29683 Revguard the Slicer (level 13, -6/98 HPs)
             Began as a Demonspawn Archaeologist on Aug 9, 2019.
             Was a Priest of Wu Jian.
             Mangled by a large abomination (20 damage)
             ... on level 12 of the Dungeon.
             The game lasted 01:00:34 (13728 turns).

Revguard the Slicer (Demonspawn Archaeologist)     Turns: 13728, Time: 01:00:34

Health: -6/98      AC: 11    Str: 13    XL:     13   Next: 16%
Magic:  0/19       EV: 20    Int: 16    God:    Wu Jian [***...]
Gold:   957        SH:  4    Dex: 22    Spells: 12/12 levels left

rFire    + . .     SeeInvis .   f - +7 captain's cutlass {speed, disarm}
rCold    . . .     Gourm    .   (no shield)
rNeg     . . .     Faith    .   u - +0 ring mail
rPois    +         Spirit   +   c - +1 hat
rElec    .         Reflect  .   K - scarf {buggy}
rCorr    .         Harm     .   E - +0 pair of gloves "Kedaok" {rPois rF+ Stlth+}
MR       .....                  d - +1 pair of boots
Stlth    ++++......             N - amulet of regeneration
HPRegen  0.66/turn              h - +5 ring of dexterity
MPRegen  0.32/turn              n - +2 ring of evasion

@: no status effects
A: claws 1, hooves 2, large bone plates 1, agile 1, demonic guardian 1, magic
shield, magic regeneration, magic link
a: Wall Jump, Serpent's Lash, Renounce Religion


You were on level 12 of the Dungeon.
You worshipped Wu Jian.
Wu Jian was most pleased with you.
You were not hungry.

You visited 2 branches of the dungeon, and saw 13 of its levels.
You visited the Abyss 1 time.
You also visited: Sewer and Ossuary.

You collected 1157 gold pieces.
You spent 200 gold pieces at shops.

Inventory:

Hand Weapons
 f - the +7 captain's cutlass (weapon) {speed, disarm} Attacks with this weapon are significantly faster.
 q - a +1 falchion of flaming
Missiles
 a - 2 throwing nets (quivered) {!f}
Armour
 c - a +1 hat (worn)
 d - a +1 pair of boots (worn)
 u - a +0 ring mail (worn)
 E - the +0 pair of gloves "Kedaok" (worn) {rPois rF+ Stlth+}
   (You acquired it on level 10 of the Dungeon)

   It protects you from fire.
   It protects you from poison.
   It makes you more stealthy.
 K - a scarf of stasis (worn)
Jewellery
 h - a +5 ring of dexterity (left hand)
 n - a +2 ring of evasion (right hand)
 B - a +3 ring of strength
 N - an amulet of regeneration (around neck)
Wands
 i - a wand of acid (3)
 j - a wand of digging (9)
 D - a wand of flame (42)
 H - a wand of random effects (8)
 L - a wand of polymorph (18)
Scrolls
 k - a scroll of fear
 l - 8 scrolls of teleportation
 m - a scroll of identify
 o - a scroll of blinking
 r - 2 scrolls of remove curse
 v - 3 scrolls of magic mapping
 y - 3 scrolls of enchant weapon
 F - 5 scrolls of enchant armour
 J - a scroll of amnesia
 M - a scroll of noise
Potions
 b - a potion of haste
 e - 2 potions of might
 p - a potion of invisibility
 s - 3 potions of cancellation
 t - 5 potions of flight
 w - 8 potions of curing
 A - 4 potions of brilliance
 C - a potion of mutation
 G - a potion of berserk rage
 I - a potion of agility
Miscellaneous
 O - a box of beasts
Comestibles
 g - 22 rations {!d}


   Skills:
 + Level 8.1 Fighting
 + Level 12.9 Short Blades
   Level 0.7(1.1) Axes
   Level 1.1(1.2) Maces & Flails
 + Level 6.4 Armour
 * Level 9.3 Dodging
 + Level 7.4 Stealth
 * Level 8.8 Evocations


You had 12 spell levels left.
You didn't know any spells.
Your spell library contained the following spells:

 Spells                   Type           Power        Failure   Level  Hunger
 Freeze                   Ice            #.....       43%         1    ##.....
 Magic Dart               Conj           #...         43%         1    ##.....
 Searing Ray              Conj           #.....       58%         2    ###....
 Throw Frost              Conj/Ice       #.....       58%         2    ###....
 Iskenderun's Mystic Bla  Conj           #.......     82%         3    ####...
 Ozocubu's Armour         Chrm/Ice       #.......     82%         3    ####...
 Fulminant Prism          Conj/Hex       #.........   99%         4    #####..
 Summon Ice Beast         Ice/Summ       #.......     99%         4    #####..
 Throw Icicle             Conj/Ice       #.......     99%         4    #####..
 Irradiate                Conj/Tmut      #.........   100%        5    ######.


Dungeon Overview and Level Annotations

Branches:
Dungeon (12/12)            Temple (1/1) D:6            Lair (0/6) D:9
    Orc (0/1) D:9          Vaults (0/3) D:12
 Depths: D:12

Altars:
Ashenzari
Cheibriados
Dithmenos
Elyvilon
Fedhas
Gozag
Hepliaklqana
Kikubaaqudgha
Lugonu
Makhleb
Nemelex Xobeh
Okawaru
Qazlal
Ru
Sif Muna
Trog
Uskayaw
Vehumet
Wu Jian
Xom
Yredelemnul
Zin
The Shining One
Beogh

Shops:
D:4 *   D:7 ![}

Annotations:
D:1 Terence
D:2 Sigmund


Innate Abilities, Weirdness & Mutations

You have hoof-like feet.
You are partially covered in large bone plates. (SH +4)
A weak demonic guardian rushes to your aid.
When hurt, damage is shared between your health and your magic reserves.
You regenerate magic rapidly.
When low on magic, you restore magic in place of health.
You have sharp fingernails.
You are agile. (Dex +2)


Message History

The large abomination is severely damaged.
The two-headed ogre hits you with a +0 giant club!
* * * LOW HITPOINT WARNING * * *
The two-headed ogre barely misses you.
The wizard gestures wildly while chanting.
The wizard flickers and vanishes!
Deactivating autopickup; reactivate with Ctrl-A.
The wizard hits you with a +0 dagger.
* * * LOW HITPOINT WARNING * * *
The large abomination hits you but does no damage.
Your shadow imp hits the large abomination but does no damage.
You spin and attack the large abomination repeatedly.
You hit the large abomination but do no damage.
The large abomination is severely damaged.
You barely miss the large abomination.
The large abomination is severely damaged.
You hit the large abomination.
The large abomination is severely damaged.
The large abomination hits you!!
You die...

....#..### #... #
# ##.O.# #...
#.#.## #.#. ##...#
# #.## #...# .#.
#.## #§☼§#
..#.#####.##
#§pO#{..#......<##
#☼O☼'.∩.#.......##
#@X☼#...#.......##
#☼☼5# .p#.........
+...# .#.......##
#...#####......<##
##.##...........#
#..............#
####...........#
#...........#
#############


You could see 2 two-headed ogres, a large abomination, a wizard and a friendly
shadow imp.

Vanquished Creatures
  An Executioner (Abyss:2)
  A rakshasa (Abyss:2)
  2 hydras
  Psyche (D:8)
  2 two-headed ogres (D:10)
  2 thrashing horrors (Abyss:3)
  2 tengu warriors
  A sun demon (Abyss:3)
  2 sixfirhies
  A spatial maelstrom (Abyss:3)
  A wretched star (Abyss:3)
  3 ugly things
  The ghost of Szarrukin the Nescient, a novice DgEE of Demigod (D:6)
  2 worldbinders
  A gargoyle (D:11)
  A smoke demon (Abyss:1)
  A freezing wraith (D:12)
  3 centaur skeletons
  2 kobold demonologists (D:9)
  An efreet (Abyss:3)
  A hellwing (Abyss:3)
  An ancient zyme (Abyss:3)
  4 trolls
  5 large abominations (Abyss:3)
  5 slime creatures
  2 dream sheep (D:8)
  2 hippogriffs
  A shadow (D:11)
  A wyvern (D:11)
  3 vampires
  Eustachio (D:6)
  2 yaks (D:8)
  Grum (D:8)
  A basilisk (D:11)
  Menkaure (D:7)
  11 orc warriors
  3 phantoms
  2 ice beasts
  A sky beast (D:8)
  4 black bears (D:9)
  An eye of draining (D:12)
  8 ogres
  3 centaurs
  2 wolves (D:8)
  A crocodile (D:8)
  4 small abominations
  7 big kobolds
  4 bullfrogs
  2 gnoll sergeants (D:9)
  A water moccasin zombie (Ossuary)
  A scorpion (D:7)
  6 killer bees (D:11)
  9 wights (D:9)
  3 jellies
  A howler monkey (D:6)
  9 crimson imps
  2 quasits
  6 centaur zombies
  4 bullfrog zombies (Ossuary)
  3 hounds
  3 iron imps
  8 orc priests
  2 bullfrog skeletons (D:9)
  An iguana (D:7)
  8 orc wizards
  10 worker ants
  7 hound zombies
  2 hound skeletons
  13 mummies (Ossuary)
  3 worker ant zombies (Ossuary)
  A howler monkey zombie (Ossuary)
  6 gnolls
  11 adders
  A shadow imp (D:10)
  2 ufetubi
  5 oozes
  2 adder skeletons
  6 adder zombies (Ossuary)
  6 worms
  A dart slug (D:3)
  2 leopard geckos (D:1)
  29 orcs
  11 giant cockroaches
  6 goblins
  9 hobgoblins
  17 jackals
  3 quokkas
  2 ball pythons (Sewer)
  15 bats
  4 frilled lizards
  A jackal zombie (Ossuary)
  9 kobolds
  6 rats
372 creatures vanquished.

Vanquished Creatures (collateral kills)
  A centaur skeleton (D:9)
  An orange demon (Abyss:2)
  An ancient zyme (Abyss:2)
  A wolf (D:8)
  A gnoll (D:9)
  An ufetubus (Abyss:3)
  An orc (D:6)
7 creatures vanquished.

Vanquished Creatures (others)
  4 golden eyes (Abyss:3)
  10 fungi (D:9)
  5 plants (D:9)
  A withered plant (Ossuary)
20 creatures vanquished.

Grand Total: 399 creatures vanquished

Notes
Turn   | Place    | Note
-------+----------+-------------------------------------------
     0 | D:1      | Revguard the Demonspawn Archaeologist began the quest for
                  | the Orb.
     0 | D:1      | Reached XP level 1. HP: 15/15 MP: 1/1
    34 | D:1      | Reached skill level 1 in Maces & Flails
    65 | D:1      | Gained mutation: You have large cloven feet. [demonic
                  | ancestry]
    65 | D:1      | Reached XP level 2. HP: 7/21 MP: 2/2
  1139 | D:2      | Gained mutation: When hurt, damage is shared between your
                  | health and your magic reserves. [demonic ancestry]
  1139 | D:2      | Reached XP level 3. HP: 26/26 MP: 3/3
  1343 | D:2      | Reached skill level 1 in Short Blades
  1345 | D:2      | Noticed Sigmund
  1501 | D:2      | Noticed Terence
  1507 | D:2      | Paralysed by Terence for 3 turns
  1513 | D:2      | Paralysed by Terence for 4 turns
  1892 | D:1      | HP: 1/26 [Terence/+2 mace of crushing (3)]
  2300 | D:2      | Reached skill level 2 in Short Blades
  2317 | D:2      | Found a shadowy altar of Dithmenos.
  2476 | D:2      | Found an ornate altar of the Wu Jian Council.
  2762 | D:3      | Found a glowing drain.
  2777 | D:3      | Gained mutation: You regenerate magic rapidly. [demonic
                  | ancestry]
  2777 | D:3      | Reached XP level 4. HP: 32/32 MP: 4/4
  2791 | D:3      | Reached skill level 3 in Short Blades
  2796 | Sewer    | Entered a sewer
  3268 | Sewer    | Reached skill level 4 in Short Blades
  3567 | D:3      | Reached XP level 5. HP: 31/37 MP: 5/5
  4025 | D:3      | Reached skill level 5 in Short Blades
  4467 | D:4      | Reached skill level 6 in Short Blades
  4488 | D:4      | Reached XP level 6. HP: 23/43 MP: 3/6
  4569 | D:4      | Reached skill level 1 in Armour
  4763 | D:4      | Found a sand-covered staircase.
  4774 | Ossuary  | Entered an ossuary
  4808 | Ossuary  | Reached XP level 7. HP: 40/50 MP: 7/7
  4853 | Ossuary  | Reached skill level 7 in Short Blades
  5197 | Ossuary  | Reached XP level 8. HP: 54/58 MP: 8/8
  5285 | Ossuary  | Gained mutation: You are agile. (Dex +2) [potion of
                  | mutation]
  5285 | Ossuary  | Gained mutation: You evolve. [potion of mutation]
  5285 | Ossuary  | Gained mutation: You are partially covered in large bone
                  | plates. (SH +4) [potion of mutation]
  5385 | D:4      | Found a sacrificial altar of Ru.
  5638 | D:4      | Found Kerphully's Assorted Antiques.
  5641 | D:4      | Bought a potion of mutation for 200 gold pieces
  5675 | D:5      | Entered Level 5 of the Dungeon
  5688 | D:5      | Reached skill level 1 in Evocations
  5698 | D:5      | Reached skill level 8 in Short Blades
  6152 | D:5      | Reached skill level 5 in Dodging
  6833 | D:5      | Gained mutation: A weak demonic guardian rushes to your
                  | aid. [demonic ancestry]
  6833 | D:5      | Reached XP level 9. HP: 65/65 MP: 10/10
  6867 | D:6      | Found a runed translucent gate.
  6868 | D:6      | Found a runed translucent gate.
  6868 | D:6      | Identified the +3 plate armour "Zaezipholim" {rPois MP+9}
  6869 | D:6      | Found a runed translucent gate.
  6871 | D:6      | Noticed Szarrukin's ghost (novice DgEE)
  6929 | D:6      | Found a staircase to the Ecumenical Temple.
  6939 | Temple   | Entered the Ecumenical Temple
  7304 | D:2      | Became a worshipper of the Wu Jian Council
  7433 | D:6      | Found a glowing golden altar of the Shining One.
  7524 | D:6      | Noticed Eustachio
  7527 | D:6      | Killed Eustachio
  7871 | D:6      | Found a roughly hewn altar of Beogh.
  7917 | D:6      | Killed Szarrukin's ghost
  7917 | D:6      | Reached skill level 9 in Short Blades
  7917 | D:6      | Reached skill level 5 in Stealth
  8027 | D:7      | Noticed Menkaure
  8031 | D:7      | Killed Menkaure
  8094 | D:7      | Found Eqymuc's Gadget Shoppe.
  8125 | D:7      | Found Unlidd's Antique Armour Boutique.
  8202 | D:7      | Found Duobu's Distillery.
  8363 | D:7      | Reached * piety under Wu Jian
  8710 | D:8      | Noticed Grum
  8711 | D:8      | Found an iron altar of Okawaru.
  8715 | D:8      | Killed Grum
  8716 | D:8      | Reached XP level 10. HP: 54/73 MP: 8/13
  8755 | D:8      | Noticed Psyche
  8761 | D:8      | Killed Psyche
  8805 | D:8      | Reached skill level 10 in Short Blades
  8816 | D:8      | Reached skill level 5 in Fighting
  8816 | D:8      | Reached skill level 5 in Evocations
  8963 | D:8      | Noticed a three-headed hydra
  8972 | D:8      | Killed a one-headed hydra
  9071 | D:8      | Gained mutation: You have sharp fingernails. [evolution]
  9086 | D:8      | Found a sacrificial altar of Ru.
  9375 | D:9      | Found a hide-covered altar of Uskayaw.
  9380 | D:9      | Reached ** piety under Wu Jian
  9387 | D:9      | Noticed a sun demon
  9516 | D:9      | Found a staircase to the Orcish Mines.
  9517 | D:9      | Mutation became permanent: You are partially covered in
                  | large bone plates. (SH +4) [demonic ancestry]
  9517 | D:9      | Gained mutation: You are partially covered in large bone
                  | plates. (SH +4) [demonic ancestry]
  9517 | D:9      | Reached XP level 11. HP: 80/80 MP: 15/15
 10023 | D:9      | Reached skill level 5 in Armour
 10037 | D:9      | Noticed a brown ugly thing
 10053 | D:9      | Killed a brown ugly thing
 10053 | D:9      | Reached *** piety under Wu Jian
 10065 | D:9      | Got a crude hand axe
 10221 | D:9      | Found a staircase to the Lair.
 10224 | D:9      | Reached skill level 11 in Short Blades
 10515 | D:10     | Entered Level 10 of the Dungeon
 11115 | D:10     | Noticed a tengu warrior
 11121 | D:10     | Killed a tengu warrior
 11149 | D:10     | Noticed a two-headed ogre
 11166 | D:10     | Killed a two-headed ogre
 11236 | D:10     | Noticed a two-headed ogre
 11239 | D:10     | Killed a two-headed ogre
 11413 | D:10     | Identified a scroll of acquirement
 11416 | D:10     | Got a pair of crude gloves
 11427 | D:10     | Identified the +0 pair of gloves "Kedaok" {rPois rF+
                  | Stlth+} (You acquired it on level 10 of the Dungeon)
 11709 | D:10     | Noticed a purple ugly thing
 11721 | D:10     | Killed a purple ugly thing
 11987 | D:11     | Gained mutation: When low on magic, you restore magic in
                  | place of health. [demonic ancestry]
 11987 | D:11     | Reached XP level 12. HP: 87/89 MP: 17/17
 12006 | D:11     | Noticed an eight-headed hydra
 12019 | D:11     | Killed an eight-headed hydra
 12632 | D:12     | Entered Level 12 of the Dungeon
 12659 | D:12     | Noticed a tengu warrior
 12683 | D:12     | Reached **** piety under Wu Jian
 12683 | D:12     | Reached skill level 12 in Short Blades
 12829 | D:12     | Killed a tengu warrior
 12905 | D:12     | Noticed a two-headed ogre
 12906 | D:12     | Noticed a two-headed ogre
 12914 | D:12     | Cast into level 1 of the Abyss (a wizard)
 13123 | Abyss:2  | Found a corrupted altar of Lugonu.
 13266 | Abyss:2  | Noticed a rakshasa
 13285 | Abyss:2  | Killed a rakshasa
 13289 | Abyss:2  | Noticed an Executioner
 13296 | Abyss:2  | Killed an Executioner
 13308 | Abyss:2  | Noticed an ancient lich
 13314 | Abyss:2  | Noticed a starcursed mass
 13314 | Abyss:2  | Noticed a rakshasa
 13328 | Abyss:2  | HP: 4/92 [starcursed mass/accursed screaming (5)]
 13329 | Abyss:2  | Noticed a balrug
 13423 | Abyss:3  | Lost mutation: You evolve. [evolution]
 13511 | Abyss:3  | Found an ancient bone altar of Kikubaaqudgha.
 13675 | Abyss:3  | Gained mutation: You have hoof-like feet. [demonic
                  | ancestry]
 13675 | Abyss:3  | Reached XP level 13. HP: 83/98 MP: 19/19
 13711 | Abyss:3  | Noticed a balrug
 13725 | D:12     | Escaped the Abyss
 13726 | D:12     | Found a gate to the Vaults.
 13728 | D:12     | Mangled by a large abomination

Skill      XL: |  1  2  3  4  5  6  7  8  9 10 11 12 |
---------------+-------------------------------------+-----
Maces & Flails | 1 |  1.1
Dodging        | 3 4 5 6 7 8 9 |  9.3
Short Blades   | 2 4 6 7 8 9 10 11 12 | 12.9
Armour         | 2 3 4 5 6 |  6.4
Fighting       | 2 3 4 5 6 8 |  8.1
Evocations     | 2 4 5 7 8 |  8.8
Stealth        | 4 5 6 7 |  7.4
Axes           | |  0.7

Action                   |  1- 3 |  4- 6 |  7- 9 | 10-12 | 13-15 || total
-------------------------+-------+-------+-------+-------+-------++-------
Melee: Hand axe          |   160 |       |       |       |       ||   160
       Whip              |     5 |       |       |       |       ||     5
       Falchion          |    36 |   170 |       |     8 |       ||   214
       Dagger            |    19 |       |       |       |       ||    19
       Cutlass           |       |    52 |   394 |   777 |   102 ||  1325
Invok: Whirlwind         |       |       |    27 |   193 |    34 ||   254
       Lunge             |       |       |    17 |    76 |     2 ||    95
       Heavenly Storm    |       |       |       |     1 |     1 ||     2
 Abil: Wall Jump         |       |       |     1 |    11 |       ||    12
       Serpent's Lash    |       |       |       |     1 |       ||     1
Evoke: Wand              |       |       |     2 |    23 |       ||    25
       Box of beasts     |       |       |       |     1 |       ||     1
  Use: Scroll            |     3 |     7 |     7 |     9 |       ||    26
       Potion            |     1 |     3 |     2 |     5 |     1 ||    12
 Stab: Sleeping          |     1 |     2 |    17 |    13 |       ||    33
       Distracted        |       |       |     3 |     8 |     1 ||    12
       Invisible         |       |       |       |     2 |       ||     2
  Eat: Chunk             |     2 |     4 |     6 |    14 |       ||    26
       Ration            |     1 |     1 |     2 |     1 |       ||     5
Armor: Robe              |    40 |       |       |       |       ||    40
       Scale mail        |    92 |    80 |       |       |       ||   172
       Ring mail         |       |    30 |    64 |    91 |     7 ||   192
Dodge: Dodged            |   174 |   167 |   126 |   295 |    30 ||   792
Block: Other             |       |     2 |    15 |    74 |     4 ||    95
